 Dungeon Crawl Stone Soup version 0.22-a0-422-g9628fc8 (console) character file.

215 yesno the Shooter (level 5, 5/36 HPs)
             Began as a Vampire Arcane Marksman on May 21, 2018.
             Quit the game on level 4 of the Dungeon on May 22, 2018.
             The game lasted 00:19:11 (4379 turns).

yesno the Shooter (Vampire Arcane Marksman)         Turns: 4379, Time: 00:19:12

Health: 5/36       AC:  2    Str: 10    XL:     5   Next: 60%
Magic:  6/6        EV: 12    Int: 16    God:
Gold:   77         SH:  0    Dex: 14    Spells: 0/6 levels left

rFire    . . .     SeeInvis +   a - +0 short sword
rCold    . . .     Gourm    .   (no shield)
rNeg     + . .     Faith    .   f - +0 robe
rPois    .         Spirit   .   (no helmet)
rElec    .         Reflect  .   (no cloak)
rCorr    .         Harm     .   (no gloves)
MR       .....                  (no boots)
Stlth    +.........             (no amulet)
HPRegen  0.12/turn              (no ring)
MPRegen  0.10/turn              (no ring)

@: berserk cooldown, hasted and slowed
A: fangs 3, see invisible, unbreathing
a: Bat Form


You were on level 4 of the Dungeon.
You were not thirsty.

You visited 1 branch of the dungeon, and saw 4 of its levels.

You collected 77 gold pieces.

Inventory:

Hand Weapons
 a - a +0 short sword (weapon)
 b - a +0 shortbow
 i - a +0 club
Missiles
 e - 19 arrows
Armour
 f - a +0 robe (worn)
 k - a +1 leather armour of magic resistance
Jewellery
 o - a +3 ring of protection {unknown}
Scrolls
 g - 5 scrolls of identify
Potions
 c - a potion of curing
 d - 11 potions of blood
 h - a potion of flight
 l - 2 potions of brilliance


   Skills:
 - Level 0.8 Fighting
 + Level 4.9 Bows
 - Level 2.1 Dodging
 - Level 1.0 Spellcasting
 - Level 4.4 Hexes


You couldn't memorise any spells.
You knew the following spells:

 Your Spells              Type           Power        Failure   Level  Hunger
a - Corona                Hex            ##.....      3%          1    ##.....
b - Slow                  Hex            ##......     6%          2    ###....
c - Portal Projectile     Hex/Tloc       #.....       28%         3    ####...

Your spell library contained the following spells:

 Spells                   Type           Power        Failure   Level  Hunger
 Cause Fear               Hex            ##........   36%         4    #####..
 Leda's Liquefaction      Hex/Erth       #.........   67%         4    #####..
 Inner Flame              Hex/Fire       #.......     28%         3    ####...


Dungeon Overview and Level Annotations

Branches:
Dungeon (4/15)
 Temple: D:4-7

Altars:
Dithmenos

Annotations:
D:1 exclusion: leopard gecko
D:3 Grinder; PopulousWildman's ghost, amateur OpCK


Innate Abilities, Weirdness & Mutations

You have razor-sharp teeth.
You have supernaturally acute eyesight. (SInv)
You can survive without breathing.


Message History

The orc closely misses you.
You hit the orc.
The orc is lightly wounded.
The orc barely misses you. The orc hits you with a mace.
The orc hits you with a morningstar of flaming!
The orc burns you.
You take 20 damage, and have 16/36 hp.
MASSIVE DAMAGE!!
As you read the scroll labeled JOUBBA FACHO, it crumbles to dust.
The scroll dissolves into smoke.
It was a scroll of fog.
The orc barely misses you. The orc closely misses you.
Okay, then.
It was a potion of haste.
You feel yourself speed up. The orc completely misses you.
The orc hits you with a morningstar of flaming!
* * * LOW HITPOINT WARNING * * *
The orc burns you.
* * * LOW HITPOINT WARNING * * *
You take 12 damage, and have 5/36 hp.
MASSIVE DAMAGE!!
You aren't carrying any items that you can evoke.
Are you sure you want to abandon this character and quit the game? (Confirm with "yes".)

·······▒·········▒▒·
·▒▒······▒···▒▒·····
·······<·····▒······
······↑▒▒▒▒▒·····▒▒▒
▒▒▒·▒·· ▒··▒·φ··▒ ▒
▒·· ▒········ ···
▒·······▒
▒▒·▒▒▒▒▒▒·······▒ ·▒
▒@oooo·♠·▒▒▒▒ ·
▒o▒▒▒▒···▒
······¤Sw········o
···▒▒····▒▒▒···o···
······· ·······
········· ♥······
···φ···············
·······$·····
···▒·····$$$·▒


You could see a worm, an adder and 3 orcs.

Vanquished Creatures
  A hound (D:3)
  An orc wizard (D:4)
  5 adders
  An ooze (D:1)
  5 worms
  3 dart slugs
  3 leopard geckos (D:2)
  9 orcs
  2 ball pythons
  6 bats
  2 giant cockroaches
  7 goblins
  7 hobgoblins
  8 jackals
  2 quokkas
  4 frilled lizards
  A kobold (D:2)
  9 rats
76 creatures vanquished.

Notes
Turn   | Place    | Note
-------+----------+-------------------------------------------
     0 | D:1      | yesno the Vampire Arcane Marksman began the quest for the Orb.
     0 | D:1      | Reached XP level 1. HP: 14/14 MP: 2/2
   159 | D:1      | Reached XP level 2. HP: 8/20 MP: 3/3
  1267 | D:1      | Reached XP level 3. HP: 23/25 MP: 4/4
  1728 | D:2      | HP: 1/25 [adder (4)]
  2068 | D:2      | Found a shadowy altar of Dithmenos.
  2086 | D:2      | Reached XP level 4. HP: 21/31 MP: 5/5
  2090 | D:2      | Learned a level 2 spell: Slow
  3737 | D:3      | Noticed Grinder
  4127 | D:3      | Noticed PopulousWildman's ghost (amateur OpCK)
  4171 | D:3      | Reached XP level 5. HP: 32/36 MP: 4/6
  4263 | D:3      | Learned a level 3 spell: Portal Projectile
  4379 | D:4      | Quit the game

Vault maps used:
D:1:      erik_arrival_triangle_medium, supply_closet_lemuel
D:2:      grunt_dithmenos_smoke, grunt_ministairs_4
D:3:      marbit_many_paths, uniq_grinder
D:4:      grunt_temple_overflow_champion_of_chaos, nicolae_gozag_seed_capital,
          minmay_temple_entry_purple_smoke, portal_sewer_entry_a, first_ration

Skill      XL: |  1  2  3  4 |
---------------+-------------+-----
Bows           | 2 3 4 |  4.9
Fighting       | |  0.8
Dodging        | |  2.1
Spellcasting   | |  1.0
Hexes          | |  4.4

Action                   |  1- 3 |  4- 6 || total
-------------------------+-------+-------++-------
Melee: Unarmed           |    26 |       ||    26
       Bite              |     9 |    14 ||    23
       Short sword       |    68 |   138 ||   206
       Club              |     4 |       ||     4
 Fire: Shortbow          |    49 |    49 ||    98
 Cast: Corona            |     3 |     2 ||     5
 Abil: End Transformatio |       |     3 ||     3
       Bat Form          |       |     3 ||     3
  Use: Potion            |     4 |    10 ||    14
       Scroll            |     3 |     2 ||     5
 Stab: Sleeping          |     3 |     2 ||     5
Armor: Robe              |    12 |    29 ||    41
Dodge: Dodged            |    91 |   133 ||   224

Table legend:
 A = Spawn XP
 B = Non-spawn XP
 C = Spawn XP percentage of total XP
 D = Spawn monster count
 E = Non-spawn monster count
 F = Spawn count percentage of total count
 G = Total turns spent on level
                    A         B        C        D         E        F      G
               +---------+---------+-------+---------+---------+-------+---------
         Total |       0 |     308 |   0.0 |       0 |      76 |   0.0 |  4379
               +---------+---------+-------+---------+---------+-------+---------
           D:1 |       0 |      44 |   0.0 |       0 |      23 |   0.0 |  1525
           D:2 |       0 |     117 |   0.0 |       0 |      32 |   0.0 |  2033
           D:3 |       0 |      83 |   0.0 |       0 |      12 |   0.0 |   754
           D:4 |       0 |      64 |   0.0 |       0 |       9 |   0.0 |    67
               +---------+---------+-------+---------+---------+-------+---------
